 Dungeon Crawl Stone Soup version 0.30-a0-1103-g25895a7845 (webtiles) character file.

Game seed: 13930164128700884760

98 qeuew the Digger (level 4, -1/25 HPs)
             Began as a Gargoyle Earth Elementalist on Apr 18, 2023.
             Slain by Duvessa
             ... wielding a +1 rapier of freezing
              (3 damage)
             ... on level 4 of the Dungeon.
             The game lasted 00:03:18 (2817 turns).

qeuew the Digger (Gargoyle Earth Elementalist)      Turns: 2817, Time: 00:03:19

Health: -1/25      AC:  5    Str: 11    XL:     4   Next: 69%
Magic:  5/7        EV: 12    Int: 18    God:
Gold:   217        SH:  5    Dex: 10    Spells: 4/8 levels left

rFire   . . .      SeeInvis .    e - +2 whip (elec)
rCold   . . .      Faith    .    (no shield)
rNeg    + . .      Spirit   .    a - +0 robe
rPois   ∞          Reflect  +    (no helmet)
rElec   +          Rampage  .    (no cloak)
rCorr   .                        (no gloves)
Will    .....                    (no boots)
Stlth   ++                       h - amulet of reflection
HPRegen 0.24/turn                (no ring)
MPRegen 0.10/turn                (no ring)

@: no status effects
A: sickness immunity, AC +3, negative energy resistance 1, electricity
resistance, torment resistance 1, petrification resistance
a: no special abilities


You were on level 4 of the Dungeon.
You visited 1 branch of the dungeon, and saw 4 of its levels.

You collected 217 gold pieces.

Inventory:

Hand Weapons
 e - a +2 whip of electrocution (weapon)
Armour
 a - a +0 robe (worn)
Jewellery
 h - an amulet of reflection (around neck)
Wands
 g - a wand of flame (22)
 k - a wand of iceblast (9)
 m - a wand of light (7)
Scrolls
 i - a scroll of poison
 j - a scroll of torment
Potions
 b - 2 potions of magic
 c - a potion of curing
 d - a potion of heal wounds
 f - 2 potions of might {unknown}
 l - a potion of haste {unknown}


   Skills:
 + Level 1.0 Fighting
 + Level 1.0 Maces & Flails
 * Level 1.5 Armour
 + Level 2.0 Dodging
 - Level 2.1 Stealth
 * Level 2.5 Spellcasting
 * Level 1.3 Conjurations
 - Level 1.0 Transmutations
 * Level 4.2 Earth Magic


You had 4 spell levels left.
You knew the following spells:

 Your Spells              Type           Power      Damage    Failure   Level
a - Sandblast             Erth           34%        2d9       3%          1
b - Stone Arrow           Conj/Erth      24%        3d8       17%         3

Your spell library contained the following spells:

 Spells                   Type           Power      Damage    Failure   Level
 Passwall                 Tmut/Erth      9%         N/A       9%          2
 Slow                     Hex            8%         N/A       17%         1
 Confusing Touch          Hex            2%         N/A       45%         3
 Vampiric Draining        Necr           2%         2d6       45%         3
 Petrify                  Tmut/Erth      11%        N/A       50%         4


Dungeon Overview and Level Annotations

Branches:
Dungeon (4/15)
 Temple: D:4-7

Altars:
Elyvilon

Shops:
D:1 (:(

Annotations:
D:3 3 runed translucent doors, BubbleThief's ghost, amateur BaIE
D:4 1 runed translucent door, BlasphemerAmon's ghost, amateur DsMo; Dowan; Duvessa


Innate Abilities, Weirdness & Mutations

You are immune to sickness and miasma.
Your stone body is resilient. (AC +3)
You are immune to poison.
You resist negative energy. (rN+)
You are resistant to electric shocks. (rElec)
You are resistant to unholy torment.
You are immune to petrification.


Message History

The blast of sand hits the hobgoblin but does no damage.
The hobgoblin completely misses you.
A hobgoblin is nearby!
The blast of sand misses the hobgoblin.
The hobgoblin completely misses you.
You barely miss the hobgoblin.
The hobgoblin hits you but does no damage.
A hobgoblin is nearby!
The blast of sand hits the hobgoblin!
You kill the hobgoblin!
No target in view!
m - a wand of light (7)
You can't see any susceptible monsters within range! (Use Z to cast anyway.) No target in view!
You see here a hobgoblin corpse.
You now have 217 gold pieces (gained 10).
Duvessa, Sister of Dowan comes into view.
She is wielding a +1 rapier of freezing.
Duvessa shouts!
Dowan, Brother of Duvessa comes into view.
He is wielding a +0 dagger.
The blast of sand hits Duvessa but does no damage.
Dowan shouts!
An ufetubus comes into view.
There are monsters nearby!
The blast of sand hits Duvessa.
Duvessa is lightly wounded.
Dowan points at you and mumbles some strange words.
You resist with some effort.
Duvessa hits you with a +1 rapier of freezing!
Duvessa freezes you. Duvessa hits you but does no damage.
There are monsters nearby!
You hit Duvessa.
Duvessa is lightly wounded.
The ufetubus barely misses you. The ufetubus hits you.
Dowan casts a spell at you. The puff of flame hits you.
The ufetubus hits you but does no damage.
The ufetubus barely misses you.
Duvessa hits you with a +1 rapier of freezing!
* * * LOW HITPOINT WARNING * * *
Duvessa freezes you.
You die...

#.... #.... .....
# #...## .....
#.#....## .....
######.#.....# #
.....
............. ...
.....
.......#.e5#.....
.....
........@.e....#
.....
......#.##!.#...
.....
####...##....##
>..##
###..........#
....
#....##..###.#
..#.
#..##......##.#
.#.#.
#####.......#.#
#.#.
#./.#.........##
###...
#.~W#..........#
#...##


You could see Duvessa, Dowan and an ufetubus.

Vanquished Creatures
  3 adders
  A dart slug (D:4)
  4 orcs (D:3)
  7 endoplasms
  A giant cockroach (D:4)
  3 goblins
  5 hobgoblins
  3 jackals (D:1)
  15 kobolds
  2 quokkas
  6 ball pythons
  4 bats
  3 frilled lizards
  4 rats
61 creatures vanquished.

Notes
Turn   | Place    | Note
-------+----------+-------------------------------------------
     0 | D:1      | qeuew the Gargoyle Earth Elementalist began the quest for
                  | the Orb.
     0 | D:1      | Reached XP level 1. HP: 10/10 MP: 3/3
   200 | D:1      | Found Jacsej's Book Shop.
   257 | D:1      | Reached XP level 2. HP: 15/15 MP: 1/5
   456 | D:1      | Found Uttaiqa's Weapon Shop.
   504 | D:1      | Reached skill level 1 in Transmutations
   509 | D:1      | Reached skill level 1 in Armour
   739 | D:1      | Found Fiari's Weapon Emporium.
  1104 | D:1      | Reached XP level 3. HP: 20/20 MP: 4/6
  1112 | D:1      | Learned a level 3 spell: Stone Arrow
  1205 | D:2      | Reached skill level 4 in Earth Magic
  1319 | D:2      | Found a white marble altar of Elyvilon.
  1634 | D:2      | Reached XP level 4. HP: 24/24 MP: 5/7
  1988 | D:3      | Found a runed translucent gate.
  1988 | D:3      | Found a runed translucent gate.
  1989 | D:3      | Found a runed translucent gate.
  1990 | D:3      | Noticed BubbleThief's ghost (amateur BaIE)
  1991 | D:3      | Identified the +1 whip "Pekhlisu" {spect, Dex+2}
  2084 | D:3      | Reached skill level 1 in Conjurations
  2605 | D:4      | Reached skill level 1 in Maces & Flails
  2633 | D:4      | Reached skill level 1 in Fighting
  2724 | D:4      | Found a runed translucent door.
  2799 | D:4      | Noticed BlasphemerAmon's ghost (amateur DsMo)
  2813 | D:4      | Noticed Duvessa
  2813 | D:4      | Noticed Dowan
  2817 | D:4      | Slain by Duvessa

Illustrated notes

Levels and vault maps discovered:
D:1:      mainiacjoe_arrival_reflecting_pool, layout_basic, serial_shops, shop,
          shop, nicolae_shop_stone
D:2:      layout_rooms, basic_altar
D:3:      layout_basic, biasface_ghost_orc_armoury,
          chequers_serial_rivers_small_3
D:4:      layout_rooms, ebering_ghost_reflecting_pool, uniq_duvessa

Skill      XL: |  1  2  3  4 |
---------------+-------------+-----
Transmutations | 1 |  1.0
Armour         | 1 |  1.5
Earth Magic    | 4 |  4.2
Conjurations   | 1 |  1.3
Dodging        | 2 |  2.0
Maces & Flails | 1 |  1.0
Fighting       | 1 |  1.0
Stealth        | |  2.1
Spellcasting   | |  2.5

Action                     |  1- 3 |  4- 6 || total
---------------------------+-------+-------++-------
  Melee: Unarmed           |     1 |       ||     1
         Whip              |    16 |     4 ||    20
   Cast: Sandblast         |    48 |    32 ||    80
    Use: Scroll            |     3 |     5 ||     8
         Potion            |     1 |     1 ||     2
 Armour: Robe              |    14 |     6 ||    20
  Dodge: Dodged            |    21 |     8 ||    29

Table legend: (Time is in decaauts)
 A = Elapsed time spent in this place.
 B = Non-inter-level travel time spent in this place.
 C = Inter-level travel time spent in this place.
 D = Time resting spent in this place.
 E = Time spent auto-exploring this place.
 F = Levels seen in this place.
 G = Mean time per level.
                   A        B        C        D        E       F      G
               +--------+--------+--------+--------+--------+-----+--------+
         Total |   2860 |   2788 |     72 |    113 |   2327 |   4 |  715.0 |
       Dungeon |   2860 |   2788 |     72 |    113 |   2327 |   4 |  715.0 |
               +--------+--------+--------+--------+--------+-----+--------+

Top non-repeatable levels by time:
     D:1: 1151 daAuts
     D:2: 802 daAuts
     D:3: 658 daAuts
     D:4: 247 daAuts
